Map: Prion Terraces

Players

RuFF

  • Race: Terran Terran
  • League: Grandmaster

WAR - Winner!

  • Race: Terran Terran
  • League: Grandmaster

VOD

Have the link to the VOD?

Description

1. 0:01 build scv / send scv
2. 0:10 send scv
3. 0:13 Supply depot
4. 0:20 send scv
5. 0:35 build barracks same time as supply (step 3 finish)!
6. 0:45 build barracks (2nd)
7. 1:00 build barracks (3rd)
8. 1:05 build scv (this will be your last scv)
9. 1:25 build barracks (4th)
10. 1:55 build supply depot

Keep all barracks producing as soon as they finish! There may be a case were you do not break them in that situation upgrade to an orbital or make a supp and continue with the all in! You can beat just about anyone with this build up through grandmaster.

Time

  • Played on: Dec. 15, 2015, 11:40 p.m.
  • Length: 7:05
Show
View Real Time Build Order
Export as new Build Order

RuFF Terran 

Build Orders: Reaper Expand 

Get SALT Encoding   

  12  0:01  SCV  
  13  0:13  SCV  
  14  0:18  Supply Depot  
  14  0:27  Refinery  
  14  0:28  SCV  
  15  0:40  SCV  
  16  0:45  Barracks  
  16  0:52  SCV  
  17  1:04  SCV  
  18  1:16  SCV  
  19  1:31  Orbital Command  
  19  1:32  Reaper  
  20  1:43  Command Center  
  20  1:54  Factory  
  20  1:57  SCV  
  21  2:07  Barracks Tech Lab  
  21  2:11  SCV  
  21  2:13  Refinery  
  22  2:17  Supply Depot  
  22  2:26  SCV  
  15  3:18  Engineering Bay  
  15  3:20  Factory Reactor  
  14  4:07  Hellion x2  
  18  4:50  Supply Depot  
  17  5:12  Hellion x2  
  18  5:33  Hellion  
Show
View Real Time Build Order
Export as new Build Order

WAR Terran - Winner!

Build Orders:  

Get SALT Encoding   

  12  0:00  SCV  
  13  0:13  Supply Depot  
  13  0:37  Barracks  
  13  0:46  Barracks  
  13  1:02  Barracks  
  13  1:05  SCV  
  14  1:24  Marine  
  15  1:28  Barracks  
  15  1:33  Marine  
  16  1:42  Marine  
  16  1:44  Supply Depot  
  17  1:49  Marine  
  17  1:53  Marine  
  19  2:00  Marine  
  20  2:07  Marine  
  21  2:11  Marine  
  21  2:14  Marine  
  23  2:19  Marine  
  24  2:25  Marine  
  25  2:31  Marine  
  25  2:32  Marine  
  27  2:39  Marine  
  27  2:43  Marine  
  28  2:51  Marine  
  26  2:56  Marine  
  27  3:04  Marine  
  27  3:35  Orbital Command  
  21  4:36  Orbital Command  
  21  5:01  Marine  
  22  5:16  Marine  
  23  5:46  Supply Depot  
  23  5:48  Bunker  
  23  5:54  Marine  
  23  5:57  Marine x2  
  21  6:09  SCV  
  19  6:21  SCV  
  16  6:42  SCV  
Tags
 
Add a new tag
Caveats
  • Supply blocks, unpowered buildings, or Contaminate may cause inaccurate times.
  • Supply counts are checked every 10 seconds.